Oilers vs Jets
Created - 10 avril 2015 at 18:51
Goals
|
| Oilers |
4 |
1 |
4 |
9 |
| Jets |
1 |
2 |
2 |
5 |
|
Shots
|
| Oilers |
16 |
10 |
12 |
38 |
| Jets |
9 |
12 |
8 |
29 |
|
1st period
1. Oilers , Pavel Datsyuk 40 (Ian White) at 9:20
2. Oilers , Ilya Kovalchuk 52 (Patrick Kaleta, Jonathan Toews) at 11:10
3. Jets , Curtis Glencross 2 (Vaclav Varada, Darroll Powe) at 15:32
4. Oilers , Ilya Kovalchuk 53 (Jonathan Toews, Scott Niedermayer) at 15:48
5. Oilers , Tomas Fleischmann 17 (Christian Ehrhoff) at 17:48
Penalties :
Eric Nystrom (Edm) for High sticking (Minor) at 2:36
2nd period
6. Oilers , Jonathan Toews 32 (Ilya Kovalchuk) at 8:34 (SH)
7. Jets , Chris Phillips 4 (Benoit Pouliot, Mikko Koivu) at 9:51 (PP)
8. Jets , Jussi Jokinen 32 (Mikko Koivu) at 13:13
Penalties :
Rob Scuderi (Edm) for Hooking (Minor) at 1:21, Dustin Brown (Win) for Slashing (Minor) at 6:28, Christian Ehrhoff (Edm) for Delaying the game (Minor) at 7:11, Jonathan Toews (Edm) for Roughing (Minor) at 9:43, Adam Burish (Edm) for Holding Stick (Minor) at 17:08
3rd period
9. Oilers , Pavel Datsyuk 41 (Ilya Kovalchuk, Patrick Kaleta) at 3:49
10. Oilers , Patrick Kane 50 (Pavel Datsyuk, Ian White) at 5:36
11. Jets , Dustin Brown 35 (Mikko Koivu) at 8:29 (PP)
12. Jets , Derek Roy 26 (Ryan Callahan, Tom Preissing) at 16:20
13. Oilers , Pavel Datsyuk 42 (Patrick Kane) at 17:55
14. Oilers , Patrick Kane 51 (Pavel Datsyuk, Tomas Fleischmann) at 18:09
Penalties :
Duncan Keith (Edm) for Tripping (Minor) at 6:43
Goalie Stats
Cam Ward (Edm), 24 saves from 29 shots - (0,828), W, 34-26-5, 60:00 minutes
Ilya Bryzgalov (Win), 12 saves from 16 shots - (0,750), 17:48 minutes
Maxime Daigneault (Win), 17 saves from 22 shots - (0,773), L, 29-23-3, 42:12 minutes
Players Stats for Oilers
Player Name G A P +/- PIM S H SB GA TA FO MP PP MP PK MP
------------------------------------------------------------------------------------
Adam Burish 0 0 0 0 2 1 0 1 0 0 0/0 14:12 0:00 3:18
Christian Ehrhoff 0 1 1 -2 2 1 1 3 1 0 0/0 19:13 0:05 4:08
Duncan Keith 0 0 0 3 2 0 1 2 0 1 0/0 18:16 0:37 1:11
Eric Nystrom 0 0 0 0 2 1 1 0 0 0 0/0 9:51 0:00 0:00
Ian White 0 2 2 5 0 4 0 1 0 1 0/0 27:21 0:37 4:14
Ilya Kovalchuk 2 2 4 3 0 6 3 1 1 0 0/0 19:06 0:22 1:19
Jonathan Toews 1 2 3 3 2 2 1 1 0 0 8/21 16:51 0:22 0:07
Lubos Bartecko 0 0 0 -1 0 3 1 0 0 0 0/0 6:43 0:00 0:00
Olli Jokinen 0 0 0 0 0 0 0 0 0 0 1/3 9:04 0:00 0:00
Patrick Kaleta 0 2 2 2 0 2 2 0 0 0 1/1 16:12 0:22 0:00
Patrick Kane 2 1 3 4 0 4 2 0 1 0 0/1 17:03 0:21 0:00
Pavel Datsyuk 3 2 5 4 0 8 1 0 0 1 16/32 23:24 0:21 4:30
Peter Regin 0 0 0 -1 0 1 0 0 0 0 6/12 10:40 0:00 3:57
Rob Scuderi 0 0 0 3 2 0 1 3 1 2 0/0 19:05 0:00 3:04
Scott Niedermayer 0 1 1 5 0 0 1 5 0 2 0/0 23:35 0:06 4:14
Steve Begin 0 0 0 -1 0 1 1 0 0 1 0/0 10:40 0:00 3:57
Steve Staios 0 0 0 -2 0 1 0 1 0 0 0/0 12:28 0:00 0:17
Tomas Fleischmann 1 1 2 4 0 3 3 0 0 0 0/0 16:20 0:21 0:00
Players Stats for Jets
Player Name G A P +/- PIM S H SB GA TA FO MP PP MP PK MP
------------------------------------------------------------------------------------
Adam Pardy 0 0 0 -3 0 2 0 2 1 0 0/0 28:36 3:57 0:29
Benoit Pouliot 0 1 1 -5 0 2 2 0 2 1 2/2 22:59 4:16 0:16
Chris Phillips 1 0 1 -3 0 1 1 1 0 0 0/0 22:58 6:53 0:14
Curtis Glencross 1 0 1 1 0 1 0 0 0 0 0/0 8:11 0:00 0:00
Darroll Powe 0 1 1 1 0 1 1 0 1 0 2/3 8:54 0:00 0:43
Derek Roy 1 0 1 -4 0 4 1 0 0 0 23/41 23:10 4:18 0:00
Dmitri Kalinin 0 0 0 -3 0 2 2 1 0 1 0/0 30:31 5:31 0:18
Dustin Brown 1 0 1 -5 2 1 2 2 0 0 0/1 21:53 4:16 0:00
Eric Fehr 0 0 0 -1 0 1 0 2 0 0 0/0 9:31 0:00 0:00
Fredrik Sjostrom 0 0 0 -1 0 1 2 0 1 0 0/1 9:58 0:00 0:27
Greg Campbell 0 0 0 -1 0 1 2 0 0 0 2/4 9:58 0:00 0:00
Jussi Jokinen 1 0 1 -1 0 6 3 0 3 0 0/1 18:25 4:18 0:00
Marek Zidlicky 0 0 0 -1 0 1 0 1 0 1 0/0 7:25 0:47 0:00
Mikko Koivu 0 3 3 -2 0 2 3 0 0 0 8/15 18:25 4:16 0:00
Niklas Hjalmarsson 0 0 0 -1 0 1 0 0 0 0 0/0 15:18 0:00 0:00
Ryan Callahan 0 1 1 -1 0 0 1 0 0 0 1/2 18:25 4:18 0:00
Tom Preissing 0 1 1 -1 0 0 0 1 0 1 0/0 15:12 0:00 0:25
Vaclav Varada 0 1 1 1 0 2 0 0 0 0 0/0 8:11 0:00 0:00
3 Stars
1 - Pavel Datsyuk (Edm)
2 - Ilya Kovalchuk (Edm)
3 - Patrick Kane (Edm)
Power Play
Oilers - 0 on 1 Attempt(s) - 0,00%
Jets - 2 on 6 Attempt(s) - 33,33%
Penalty Kill
Oilers - 4 on 6 Attempt(s) - 66,67%
- Score 1 goal in Penalty Kill
Jets - 1 on 1 Attempt(s) - 100,00%
- Score 0 goal in Penalty Kill
Team Stat
Oilers - Hits : 19 - Faceoff Wins : 32 - Blocked Shots : 18 - Penalty Minutes : 12
Jets - Hits : 20 - Faceoff Wins : 38 - Blocked Shots : 10 - Penalty Minutes : 2
Official
Referees : Watson Brad and Meier Brad
Linesman : David Brisebois and Brad Kovachik
Game Notes
Maxime Daigneault enters game at 17:48 of 1st period
Marek Zidlicky is injured at 19:37 of 1st period (Fractured Metatarsal (Left Foot))
Pavel Datsyuk has scored a Hat Trick!
Finance
Level 1 -- Attendance: 5614 (93,57%) -- Ticket Income 421 050 $
Level 2 -- Attendance: 5000 (100,00%) -- Ticket Income 250 000 $
Level 3 -- Attendance: 2000 (100,00%) -- Ticket Income 50 000 $
Level 4 -- Attendance: 4000 (100,00%) -- Ticket Income 72 000 $
Luxury Box -- Attendance: 1000 (100,00%) -- Ticket Income 160 000 $
Game was played at the MTS Center'
Total Attendance: 17614 (97,86%)
Total Ticket Income: 953 050 $
Other Income: 142 958 $
Total Income: 1 096 008 $
Oilers
5 vs 5 Forward
Center Left Wing Right Wing Time % Phy DF OF
1 Pavel Datsyuk Tomas Fleischmann Patrick Kane 40 0 2 3
2 Jonathan Toews Ilya Kovalchuk Patrick Kaleta 37 1 2 2
3 Olli Jokinen Eric Nystrom Adam Burish 15 1 2 2
4 Peter Regin Steve Begin Lubos Bartecko 8 1 2 2
5 vs 5 Defense
Defense Defense Time % Phy DF OF
1 Ian White Scott Niedermayer 35 1 2 2
2 Duncan Keith Rob Scuderi 31 1 2 2
3 Christian Ehrhoff Steve Staios 24 1 2 2
4 Ian White Christian Ehrhoff 10 1 2 2
PowerPlay Forward
Center Left Wing Right Wing Time % Phy DF OF
1 Pavel Datsyuk Tomas Fleischmann Patrick Kane 50 0 2 3
2 Jonathan Toews Ilya Kovalchuk Patrick Kaleta 50 0 2 3
PowerPlay Defense
Defense Defense Time % Phy DF OF
1 Ian White Duncan Keith 50 1 2 2
2 Christian Ehrhoff Scott Niedermayer 50 1 2 2
Penalty Kill 4 Players Forward
Center Wing Time % Phy DF OF
1 Pavel Datsyuk Adam Burish 50 1 3 1
2 Peter Regin Steve Begin 50 1 3 1
Penalty Kill 4 Players Defense
Defense Defense Time % Phy DF OF
1 Ian White Scott Niedermayer 50 1 3 1
2 Christian Ehrhoff Rob Scuderi 50 1 3 1
Penalty Kill - 3 Players Forward
Forward Time % Phy DF OF
1 Pavel Datsyuk 50 1 4 0
2 Jonathan Toews 50 1 4 0
Penalty Kill - 3 Players Defense
Defense Defense Time % Phy DF OF
1 Ian White Scott Niedermayer 50 1 4 0
2 Christian Ehrhoff Rob Scuderi 50 1 4 0
4 vs 4 Forward
Center Wing Time % Phy DF OF
1 Pavel Datsyuk Patrick Kane 50 1 2 2
2 Jonathan Toews Ilya Kovalchuk 50 1 2 2
4 vs 4 Defense
Defense Defense Time % Phy DF OF
1 Ian White Scott Niedermayer 50 1 2 2
2 Duncan Keith Christian Ehrhoff 50 1 2 2
Last Minutes Offensive
Center Left Wing Right Wing Defense Defense
Pavel Datsyuk Ilya Kovalchuk Patrick Kane Ian White Scott Niedermayer
Last Minutes Defensive
Center Left Wing Right Wing Defense Defense
Pavel Datsyuk Ilya Kovalchuk Patrick Kane Ian White Rob Scuderi
Goaltenders
Starting : Cam Ward
Backup : Sebastien Caron
Extra Forwards
Normal : Ilya Kovalchuk, Pavel Datsyuk, Patrick Kane - PP : Patrick Kaleta, Peter Regin - PK : Ilya Kovalchuk
Extra Defensemen
Normal : Christian Ehrhoff, Steve Staios, Ian White - PP : Steve Staios - PK : Duncan Keith, Steve Staios
Penalty Shots
Ilya Kovalchuk, Patrick Kane, Pavel Datsyuk, Jonathan Toews, Olli Jokinen
Jets
5 vs 5 Forward
Center Left Wing Right Wing Time % Phy DF OF
1 Derek Roy Benoit Pouliot Dustin Brown 40 1 2 2
2 Mikko Koivu Jussi Jokinen Ryan Callahan 30 1 2 2
3 Greg Campbell Fredrik Sjostrom Eric Fehr 20 1 2 2
4 Darroll Powe Curtis Glencross Vaclav Varada 10 1 2 2
5 vs 5 Defense
Defense Defense Time % Phy DF OF
1 Dmitri Kalinin Marek Zidlicky 40 1 2 2
2 Adam Pardy Chris Phillips 30 1 2 2
3 Tom Preissing Niklas Hjalmarsson 20 1 2 2
4 Chris Phillips Dmitri Kalinin 10 1 2 2
PowerPlay Forward
Center Left Wing Right Wing Time % Phy DF OF
1 Mikko Koivu Benoit Pouliot Dustin Brown 60 1 1 3
2 Derek Roy Jussi Jokinen Ryan Callahan 40 1 1 3
PowerPlay Defense
Defense Defense Time % Phy DF OF
1 Dmitri Kalinin Chris Phillips 60 1 1 3
2 Marek Zidlicky Adam Pardy 40 1 1 3
Penalty Kill 4 Players Forward
Center Wing Time % Phy DF OF
1 Darroll Powe Dustin Brown 60 1 3 1
2 Greg Campbell Mikko Koivu 40 1 3 1
Penalty Kill 4 Players Defense
Defense Defense Time % Phy DF OF
1 Dmitri Kalinin Adam Pardy 60 1 4 0
2 Tom Preissing Marek Zidlicky 40 1 4 0
Penalty Kill - 3 Players Forward
Forward Time % Phy DF OF
1 Darroll Powe 60 0 4 1
2 Greg Campbell 40 0 4 1
Penalty Kill - 3 Players Defense
Defense Defense Time % Phy DF OF
1 Tom Preissing Adam Pardy 60 1 4 0
2 Dmitri Kalinin Marek Zidlicky 40 1 4 0
4 vs 4 Forward
Center Wing Time % Phy DF OF
1 Mikko Koivu Benoit Pouliot 60 1 2 2
2 Derek Roy Dustin Brown 40 1 2 2
4 vs 4 Defense
Defense Defense Time % Phy DF OF
1 Chris Phillips Dmitri Kalinin 60 1 2 2
2 Marek Zidlicky Adam Pardy 40 1 2 2
Last Minutes Offensive
Center Left Wing Right Wing Defense Defense
Derek Roy Benoit Pouliot Dustin Brown Chris Phillips Dmitri Kalinin
Last Minutes Defensive
Center Left Wing Right Wing Defense Defense
Greg Campbell Benoit Pouliot Dustin Brown Tom Preissing Adam Pardy
Goaltenders
Starting : Ilya Bryzgalov
Backup : Maxime Daigneault
Extra Forwards
Normal : Greg Campbell, Mikko Koivu, Fredrik Sjostrom - PP : Greg Campbell, Dustin Brown - PK : Fredrik Sjostrom
Extra Defensemen
Normal : Adam Pardy, Dmitri Kalinin, Marek Zidlicky - PP : Marek Zidlicky - PK : Marek Zidlicky, Adam Pardy
Penalty Shots
Benoit Pouliot, Jussi Jokinen, Mikko Koivu, Greg Campbell, Dustin Brown
% Time on Ice - Oilers
Lines # - Real PCT - Wanted PCT - Time Play
Normal Forward
1 - 36% - 40% - 17:50
2 - 32% - 37% - 15:50
3 - 18% - 15% - 9:04
4 - 14% - 8% - 6:43
Normal Defense
1 - 37% - 35% - 18:26
2 - 32% - 31% - 16:02
3 - 24% - 24% - 11:44
4 - 7% - 10% - 3:15
PP Forward
1 - 49% - 50% - 0:21
2 - 51% - 50% - 0:22
PP Defense
1 - 86% - 50% - 0:37
2 - 14% - 50% - 0:06
PK Forward
1 - 53% - 50% - 4:30
2 - 47% - 50% - 4:04
PK Defense
1 - 49% - 50% - 4:14
2 - 51% - 50% - 4:20
PK3 Forward
1 - 0% - 50%
2 - 0% - 50%
PK3 Defense
1 - 0% - 50%
2 - 0% - 50%
44 Forward
1 - 57% - 50% - 0:43
2 - 43% - 50% - 0:33
44 Defense
1 - 64% - 50% - 0:49
2 - 36% - 50% - 0:27
Last Minute Offensive - 0:00
Last Minute Defensive - 0:00
Total
Forward - 60:00
Defense - 60:00
|
% Time on Ice - Jets
Lines # - Real PCT - Wanted PCT - Time Play
Normal Forward
1 - 36% - 40% - 17:38
2 - 29% - 30% - 14:07
3 - 19% - 20% - 9:31
4 - 17% - 10% - 8:11
Normal Defense
1 - 41% - 40% - 20:15
2 - 23% - 30% - 11:21
3 - 30% - 20% - 14:47
4 - 6% - 10% - 3:04
PP Forward
1 - 50% - 60% - 4:16
2 - 50% - 40% - 4:18
PP Defense
1 - 54% - 60% - 4:37
2 - 46% - 40% - 3:57
PK Forward
1 - 100% - 60% - 0:43
2 - 0% - 40% - 0:00
PK Defense
1 - 14% - 60% - 0:06
2 - 86% - 40% - 0:37
PK3 Forward
1 - 0% - 60%
2 - 0% - 40%
PK3 Defense
1 - 0% - 60%
2 - 0% - 40%
44 Forward
1 - 64% - 60% - 0:49
2 - 36% - 40% - 0:27
44 Defense
1 - 57% - 60% - 0:43
2 - 43% - 40% - 0:33
Last Minute Offensive - 0:00
Last Minute Defensive - 0:00
Total
Forward - 60:00
Defense - 60:00
|
Play by Play
1st period
0:01 of 1st period - Pavel Datsyuk wins face-off versus Derek Roy in neutral zone.
0:13 of 1st period - Benoit Pouliot is hit by Tomas Fleischmann and loses puck.
0:53 of 1st period - Slapshot by Ian White.
0:53 of 1st period - Stopped by Ilya Bryzgalov with a rebound.
1:17 of 1st period - Wrist shot by Dustin Brown.
1:17 of 1st period - Shot Misses the Net.
2:17 of 1st period - Wrist shot by Eric Fehr.
2:17 of 1st period - Stopped by Cam Ward without a rebound.
2:18 of 1st period - Greg Campbell wins face-off versus Olli Jokinen in Oilers zone.
2:19 of 1st period - Wrist shot by Fredrik Sjostrom.
2:19 of 1st period - Stopped by Cam Ward with a rebound.
2:21 of 1st period - Snap shot by Marek Zidlicky.
2:21 of 1st period - Shot Blocked by Steve Staios.
2:36 of 1st period - Minor Penalty to Eric Nystrom for High sticking.
2:37 of 1st period - Pavel Datsyuk wins face-off versus Mikko Koivu in Oilers zone.
3:24 of 1st period - Slapshot by Mikko Koivu.
3:24 of 1st period - Stopped by Cam Ward without a rebound.
3:25 of 1st period - Peter Regin wins face-off versus Derek Roy in Oilers zone.
3:34 of 1st period - Wrist shot by Steve Begin.
3:34 of 1st period - Shot Misses the Net.
4:36 of 1st period - Penalty to Eric Nystrom is over, Eric Nystrom is back on ice.
4:51 of 1st period - Slapshot by Scott Niedermayer.
4:51 of 1st period - Shot Blocked by Eric Fehr.
4:59 of 1st period - Wrist shot by Pavel Datsyuk.
4:59 of 1st period - Stopped by Ilya Bryzgalov with a rebound.
5:01 of 1st period - Snap shot by Adam Burish.
5:01 of 1st period - Stopped by Ilya Bryzgalov with a rebound.
5:03 of 1st period - Wrist shot by Pavel Datsyuk.
5:03 of 1st period - Shot Misses the Net.
5:05 of 1st period - Snap shot by Pavel Datsyuk.
5:05 of 1st period - Shot Misses the Net.
5:07 of 1st period - Slapshot by Pavel Datsyuk.
5:07 of 1st period - Shot Misses the Net.
5:49 of 1st period - Wrist shot by Peter Regin.
5:49 of 1st period - Deflect By Steve Begin.
5:49 of 1st period - Stopped by Ilya Bryzgalov without a rebound.
5:50 of 1st period - Peter Regin wins face-off versus Derek Roy in Jets zone.
5:55 of 1st period - Snap shot by Peter Regin.
5:55 of 1st period - Shot Misses the Net.
5:57 of 1st period - Slapshot by Steve Staios.
5:57 of 1st period - Stopped by Ilya Bryzgalov without a rebound.
5:58 of 1st period - Derek Roy wins face-off versus Jonathan Toews in Jets zone.
6:07 of 1st period - Wrist shot by Jonathan Toews.
6:07 of 1st period - Stopped by Ilya Bryzgalov with a rebound.
6:53 of 1st period - Wrist shot by Eric Fehr.
6:53 of 1st period - Shot Misses the Net.
7:27 of 1st period - Slapshot by Christian Ehrhoff.
7:27 of 1st period - Shot Blocked by Marek Zidlicky.
7:33 of 1st period - Christian Ehrhoff is hit by Darroll Powe and loses puck.
7:50 of 1st period - Snap shot by Ilya Kovalchuk.
7:50 of 1st period - Stopped by Ilya Bryzgalov without a rebound.
7:51 of 1st period - Patrick Kaleta wins face-off versus Derek Roy in Jets zone.
7:52 of 1st period - Snap shot by Ilya Kovalchuk.
7:52 of 1st period - Stopped by Ilya Bryzgalov without a rebound.
7:53 of 1st period - Jonathan Toews wins face-off versus Dustin Brown in Jets zone.
8:09 of 1st period - Wrist shot by Dustin Brown.
8:09 of 1st period - Shot Blocked by Jonathan Toews.
9:04 of 1st period - Snap shot by Ian White.
9:04 of 1st period - Deflect By Peter Regin.
9:04 of 1st period - Shot Misses the Net.
9:04 of 1st period - Puck is out of play.
9:05 of 1st period - Derek Roy wins face-off versus Pavel Datsyuk in Jets zone.
9:12 of 1st period - Slapshot by Derek Roy.
9:12 of 1st period - Stopped by Cam Ward without a rebound.
9:13 of 1st period - Pavel Datsyuk wins face-off versus Derek Roy in Oilers zone.
9:20 of 1st period - Snap shot by Pavel Datsyuk.
9:20 of 1st period - Goal by Pavel Datsyuk - Oilers : 1 - Jets : 0.
9:21 of 1st period - Derek Roy wins face-off versus Jonathan Toews in neutral zone.
9:24 of 1st period - Slapshot by Dmitri Kalinin.
9:24 of 1st period - Shot Blocked by Scott Niedermayer.
9:26 of 1st period - Slapshot by Marek Zidlicky.
9:26 of 1st period - Stopped by Cam Ward with a rebound.
9:39 of 1st period - Icing by Marek Zidlicky.
9:40 of 1st period - Pavel Datsyuk wins face-off versus Derek Roy in Jets zone.
9:48 of 1st period - Snap shot by Benoit Pouliot.
9:48 of 1st period - Deflect By Derek Roy.
9:48 of 1st period - Shot Blocked by Christian Ehrhoff.
9:48 of 1st period - Puck is out of play.
9:49 of 1st period - Ryan Callahan wins face-off versus Pavel Datsyuk in Oilers zone.
10:20 of 1st period - Wrist shot by Jussi Jokinen.
10:20 of 1st period - Stopped by Cam Ward with a rebound.
10:42 of 1st period - Wrist shot by Patrick Kane.
10:42 of 1st period - Shot Misses the Net.
10:44 of 1st period - Slapshot by Christian Ehrhoff.
10:44 of 1st period - Stopped by Ilya Bryzgalov with a rebound.
10:46 of 1st period - Slapshot by Ian White.
10:46 of 1st period - Shot Blocked by Chris Phillips.
10:48 of 1st period - Slapshot by Ian White.
10:48 of 1st period - Stopped by Ilya Bryzgalov with a rebound.
10:50 of 1st period - Snap shot by Christian Ehrhoff.
10:50 of 1st period - Shot Blocked by Dmitri Kalinin.
10:52 of 1st period - Slapshot by Pavel Datsyuk.
10:52 of 1st period - Deflect By Tomas Fleischmann.
10:52 of 1st period - Stopped by Ilya Bryzgalov without a rebound.
10:53 of 1st period - Jonathan Toews wins face-off versus Derek Roy in Jets zone.
11:02 of 1st period - Snap shot by Ilya Kovalchuk.
11:02 of 1st period - Deflect By Patrick Kaleta.
11:02 of 1st period - Stopped by Ilya Bryzgalov with a rebound.
11:04 of 1st period - Slapshot by Duncan Keith.
11:04 of 1st period - Deflect By Jonathan Toews.
11:04 of 1st period - Shot Misses the Net.
11:04 of 1st period - Puck is out of play.
11:05 of 1st period - Jonathan Toews wins face-off versus Derek Roy in Jets zone.
11:08 of 1st period - Snap shot by Ilya Kovalchuk.
11:08 of 1st period - Shot Misses the Net.
11:10 of 1st period - Slapshot by Patrick Kaleta.
11:10 of 1st period - Deflect By Ilya Kovalchuk.
11:10 of 1st period - Goal by Ilya Kovalchuk - Oilers : 2 - Jets : 0.
11:11 of 1st period - Jonathan Toews wins face-off versus Derek Roy in neutral zone.
12:28 of 1st period - Wrist shot by Derek Roy.
12:28 of 1st period - Stopped by Cam Ward with a rebound.
13:02 of 1st period - Wrist shot by Eric Fehr.
13:02 of 1st period - Shot Blocked by Duncan Keith.
13:16 of 1st period - Adam Burish is hit by Ryan Callahan and loses puck.
13:43 of 1st period - Snap shot by Peter Regin.
13:43 of 1st period - Shot Misses the Net.
14:00 of 1st period - Adam Pardy is hit by Ilya Kovalchuk and loses puck.
14:27 of 1st period - Adam Pardy is hit by Tomas Fleischmann.
14:31 of 1st period - Darroll Powe is hit by Patrick Kane and loses puck.
15:20 of 1st period - Snap shot by Vaclav Varada.
15:20 of 1st period - Stopped by Cam Ward with a rebound.
15:30 of 1st period - Wrist shot by Curtis Glencross.
15:30 of 1st period - Shot Blocked by Christian Ehrhoff.
15:32 of 1st period - Snap shot by Vaclav Varada.
15:32 of 1st period - Deflect By Curtis Glencross.
15:32 of 1st period - Goal by Curtis Glencross - Oilers : 2 - Jets : 1.
15:33 of 1st period - Derek Roy wins face-off versus Jonathan Toews in neutral zone.
15:42 of 1st period - Snap shot by Scott Niedermayer.
15:42 of 1st period - Shot Blocked by Dustin Brown.
15:48 of 1st period - Slapshot by Ilya Kovalchuk.
15:48 of 1st period - Goal by Ilya Kovalchuk - Oilers : 3 - Jets : 1.
15:49 of 1st period - Jonathan Toews wins face-off versus Derek Roy in neutral zone.
16:15 of 1st period - Dmitri Kalinin is hit by Tomas Fleischmann and loses puck.
17:00 of 1st period - Wrist shot by Peter Regin.
17:00 of 1st period - Shot Misses the Net.
17:08 of 1st period - Wrist shot by Derek Roy.
17:08 of 1st period - Shot Blocked by Rob Scuderi.
17:42 of 1st period - Christian Ehrhoff is hit by Mikko Koivu.
17:48 of 1st period - Wrist shot by Tomas Fleischmann.
17:48 of 1st period - Goal by Tomas Fleischmann - Oilers : 4 - Jets : 1.
17:48 of 1st period - Maxime Daigneault enters game.
17:49 of 1st period - Benoit Pouliot wins face-off versus Patrick Kane in neutral zone.
19:36 of 1st period - Marek Zidlicky is hit by Ilya Kovalchuk and loses puck.
19:37 of 1st period - Marek Zidlicky from Jets is injured at 19:37 of 1st period (Fractured Metatarsal (Left Foot)).
19:38 of 1st period - Derek Roy wins face-off versus Jonathan Toews in Jets zone.
Goals for this period are 4 for Oilers vs 1 for Jets.
Shots for this period are 16 for Oilers vs 9 for Jets.
2nd period
0:01 of 2nd period - Derek Roy wins face-off versus Pavel Datsyuk in neutral zone.
0:26 of 2nd period - Ryan Callahan is hit by Scott Niedermayer and loses puck.
0:33 of 2nd period - Snap shot by Mikko Koivu.
0:33 of 2nd period - Shot Misses the Net.
0:50 of 2nd period - Snap shot by Darroll Powe.
0:50 of 2nd period - Shot Blocked by Scott Niedermayer.
0:52 of 2nd period - Wrist shot by Vaclav Varada.
0:52 of 2nd period - Deflect By Ilya Kovalchuk.
0:52 of 2nd period - Stopped by Cam Ward with a rebound.
0:54 of 2nd period - Slapshot by Chris Phillips.
0:54 of 2nd period - Shot Blocked by Ian White.
1:14 of 2nd period - Slapshot by Derek Roy.
1:14 of 2nd period - Shot Misses the Net.
1:16 of 2nd period - Slapshot by Adam Pardy.
1:16 of 2nd period - Stopped by Cam Ward with a rebound.
1:18 of 2nd period - Wrist shot by Benoit Pouliot.
1:18 of 2nd period - Stopped by Cam Ward without a rebound.
1:19 of 2nd period - Pavel Datsyuk wins face-off versus Mikko Koivu in Oilers zone.
1:21 of 2nd period - Minor Penalty to Rob Scuderi for Hooking.
1:22 of 2nd period - Peter Regin wins face-off versus Mikko Koivu in Oilers zone.
1:34 of 2nd period - Snap shot by Mikko Koivu.
1:34 of 2nd period - Stopped by Cam Ward without a rebound.
1:35 of 2nd period - Pavel Datsyuk wins face-off versus Mikko Koivu in Oilers zone.
2:45 of 2nd period - Adam Burish is hit by Jussi Jokinen and loses puck.
3:20 of 2nd period - Icing by Adam Pardy.
3:21 of 2nd period - Penalty to Rob Scuderi is over, Rob Scuderi is back on ice.
3:21 of 2nd period - Mikko Koivu wins face-off versus Jonathan Toews in Jets zone.
3:38 of 2nd period - Snap shot by Pavel Datsyuk.
3:38 of 2nd period - Shot Misses the Net.
3:44 of 2nd period - Snap shot by Tom Preissing.
3:44 of 2nd period - Shot Blocked by Rob Scuderi.
4:40 of 2nd period - Icing by Tom Preissing.
4:41 of 2nd period - Pavel Datsyuk wins face-off versus Greg Campbell in Jets zone.
4:44 of 2nd period - Snap shot by Pavel Datsyuk.
4:44 of 2nd period - Shot Blocked by Eric Fehr.
4:46 of 2nd period - Slapshot by Christian Ehrhoff.
4:46 of 2nd period - Shot Misses the Net.
4:48 of 2nd period - Wrist shot by Tomas Fleischmann.
4:48 of 2nd period - Stopped by Maxime Daigneault with a rebound.
4:50 of 2nd period - Snap shot by Patrick Kane.
4:50 of 2nd period - Shot Blocked by Tom Preissing.
6:16 of 2nd period - Snap shot by Patrick Kane.
6:16 of 2nd period - Shot Misses the Net.
6:28 of 2nd period - Minor Penalty to Dustin Brown for Slashing.
6:29 of 2nd period - Darroll Powe wins face-off versus Pavel Datsyuk in Jets zone.
6:34 of 2nd period - Patrick Kane is hit by Fredrik Sjostrom and loses puck.
7:05 of 2nd period - Slapshot by Ian White.
7:05 of 2nd period - Stopped by Maxime Daigneault without a rebound.
7:06 of 2nd period - Darroll Powe wins face-off versus Jonathan Toews in Jets zone.
7:11 of 2nd period - Minor Penalty to Christian Ehrhoff for Delaying the game.
7:12 of 2nd period - Pavel Datsyuk wins face-off versus Mikko Koivu in Oilers zone.
8:00 of 2nd period - Off-side.
8:01 of 2nd period - Greg Campbell wins face-off versus Pavel Datsyuk in neutral zone.
8:27 of 2nd period - Adam Pardy is hit by Jonathan Toews and loses puck.
8:28 of 2nd period - Penalty to Dustin Brown is over, Dustin Brown is back on ice.
8:34 of 2nd period - Wrist shot by Jonathan Toews.
8:34 of 2nd period - Goal by Jonathan Toews - Oilers : 5 - Jets : 1.
8:35 of 2nd period - Mikko Koivu wins face-off versus Peter Regin in neutral zone.
9:11 of 2nd period - Penalty to Christian Ehrhoff is over, Christian Ehrhoff is back on ice.
9:21 of 2nd period - Wrist shot by Pavel Datsyuk.
9:21 of 2nd period - Stopped by Maxime Daigneault without a rebound.
9:22 of 2nd period - Jonathan Toews wins face-off versus Greg Campbell in Jets zone.
9:43 of 2nd period - Minor Penalty to Jonathan Toews for Roughing.
9:44 of 2nd period - Mikko Koivu wins face-off versus Peter Regin in Oilers zone.
9:49 of 2nd period - Slapshot by Benoit Pouliot.
9:49 of 2nd period - Shot Blocked by Rob Scuderi.
9:51 of 2nd period - Slapshot by Chris Phillips.
9:51 of 2nd period - Deflect By Christian Ehrhoff.
9:51 of 2nd period - Goal by Chris Phillips - Oilers : 5 - Jets : 2.
9:52 of 2nd period - Derek Roy wins face-off versus Pavel Datsyuk in neutral zone.
9:54 of 2nd period - Off-side.
9:55 of 2nd period - Pavel Datsyuk wins face-off versus Derek Roy in neutral zone.
10:31 of 2nd period - Jussi Jokinen is hit by Ilya Kovalchuk and loses puck.
11:15 of 2nd period - Snap shot by Lubos Bartecko.
11:15 of 2nd period - Stopped by Maxime Daigneault with a rebound.
11:35 of 2nd period - Slapshot by Benoit Pouliot.
11:35 of 2nd period - Stopped by Cam Ward without a rebound.
11:36 of 2nd period - Derek Roy wins face-off versus Pavel Datsyuk in Oilers zone.
12:00 of 2nd period - Icing by Dmitri Kalinin.
12:01 of 2nd period - Benoit Pouliot wins face-off versus Jonathan Toews in Jets zone.
12:55 of 2nd period - Snap shot by Derek Roy.
12:55 of 2nd period - Shot Blocked by Adam Burish.
12:57 of 2nd period - Slapshot by Adam Pardy.
12:57 of 2nd period - Shot Blocked by Scott Niedermayer.
12:59 of 2nd period - Slapshot by Dmitri Kalinin.
12:59 of 2nd period - Stopped by Cam Ward without a rebound.
13:00 of 2nd period - Pavel Datsyuk wins face-off versus Mikko Koivu in Oilers zone.
13:13 of 2nd period - Snap shot by Jussi Jokinen.
13:13 of 2nd period - Goal by Jussi Jokinen - Oilers : 5 - Jets : 3.
13:14 of 2nd period - Mikko Koivu wins face-off versus Pavel Datsyuk in neutral zone.
13:25 of 2nd period - Slapshot by Patrick Kane.
13:25 of 2nd period - Deflect By Niklas Hjalmarsson.
13:25 of 2nd period - Stopped by Maxime Daigneault without a rebound.
13:26 of 2nd period - Pavel Datsyuk wins face-off versus Derek Roy in Jets zone.
13:37 of 2nd period - Wrist shot by Patrick Kane.
13:37 of 2nd period - Shot Misses the Net.
14:04 of 2nd period - Duncan Keith is hit by Mikko Koivu and loses puck.
14:21 of 2nd period - Wrist shot by Eric Nystrom.
14:21 of 2nd period - Shot Misses the Net.
15:04 of 2nd period - Slapshot by Lubos Bartecko.
15:04 of 2nd period - Stopped by Maxime Daigneault with a rebound.
15:06 of 2nd period - Slapshot by Ian White.
15:06 of 2nd period - Stopped by Maxime Daigneault with a rebound.
15:26 of 2nd period - Wrist shot by Jussi Jokinen.
15:26 of 2nd period - Stopped by Cam Ward with a rebound.
15:40 of 2nd period - Chris Phillips is hit by Eric Nystrom and loses puck.
16:24 of 2nd period - Snap shot by Lubos Bartecko.
16:24 of 2nd period - Stopped by Maxime Daigneault without a rebound.
16:25 of 2nd period - Pavel Datsyuk wins face-off versus Derek Roy in Jets zone.
17:08 of 2nd period - Minor Penalty to Adam Burish for Holding Stick.
17:09 of 2nd period - Derek Roy wins face-off versus Peter Regin in Oilers zone.
17:32 of 2nd period - Icing by Derek Roy.
17:33 of 2nd period - Pavel Datsyuk wins face-off versus Derek Roy in Jets zone.
17:34 of 2nd period - Wrist shot by Ilya Kovalchuk.
17:34 of 2nd period - Deflect By Pavel Datsyuk.
17:34 of 2nd period - Stopped by Maxime Daigneault with a rebound.
17:42 of 2nd period - Slapshot by Dmitri Kalinin.
17:42 of 2nd period - Deflect By Jussi Jokinen.
17:42 of 2nd period - Stopped by Cam Ward with a rebound.
17:44 of 2nd period - Wrist shot by Derek Roy.
17:44 of 2nd period - Deflect By Jussi Jokinen.
17:44 of 2nd period - Shot Misses the Net.
17:44 of 2nd period - Puck is out of play.
17:45 of 2nd period - Mikko Koivu wins face-off versus Peter Regin in Oilers zone.
18:25 of 2nd period - Icing by Derek Roy.
18:26 of 2nd period - Peter Regin wins face-off versus Ryan Callahan in Jets zone.
18:36 of 2nd period - Icing by Ryan Callahan.
18:37 of 2nd period - Derek Roy wins face-off versus Pavel Datsyuk in Jets zone.
18:42 of 2nd period - Wrist shot by Jussi Jokinen.
18:42 of 2nd period - Stopped by Cam Ward with a rebound.
18:44 of 2nd period - Slapshot by Dmitri Kalinin.
18:44 of 2nd period - Deflect By Scott Niedermayer.
18:44 of 2nd period - Stopped by Cam Ward with a rebound.
19:04 of 2nd period - Slapshot by Derek Roy.
19:04 of 2nd period - Shot Blocked by Scott Niedermayer.
19:06 of 2nd period - Wrist shot by Jussi Jokinen.
19:06 of 2nd period - Shot Misses the Net.
19:08 of 2nd period - Penalty to Adam Burish is over, Adam Burish is back on ice.
Goals for this period are 1 for Oilers vs 2 for Jets.
Shots for this period are 10 for Oilers vs 12 for Jets.
3rd period
0:01 of 3rd period - Jonathan Toews wins face-off versus Derek Roy in neutral zone.
0:08 of 3rd period - Wrist shot by Ilya Kovalchuk.
0:08 of 3rd period - Stopped by Maxime Daigneault with a rebound.
0:16 of 3rd period - Slapshot by Chris Phillips.
0:16 of 3rd period - Shot Misses the Net.
0:26 of 3rd period - Jonathan Toews is hit by Fredrik Sjostrom and loses puck.
0:59 of 3rd period - Slapshot by Pavel Datsyuk.
0:59 of 3rd period - Stopped by Maxime Daigneault without a rebound.
1:00 of 3rd period - Derek Roy wins face-off versus Pavel Datsyuk in Jets zone.
1:00 of 3rd period - Derek Roy is hit by Patrick Kane.
1:15 of 3rd period - Slapshot by Patrick Kane.
1:15 of 3rd period - Stopped by Maxime Daigneault with a rebound.
1:50 of 3rd period - Off-side.
1:51 of 3rd period - Peter Regin wins face-off versus Darroll Powe in neutral zone.
1:58 of 3rd period - Slapshot by Peter Regin.
1:58 of 3rd period - Shot Misses the Net.
2:00 of 3rd period - Snap shot by Peter Regin.
2:00 of 3rd period - Stopped by Maxime Daigneault with a rebound.
2:28 of 3rd period - Jonathan Toews is hit by Benoit Pouliot and loses puck.
3:30 of 3rd period - Slapshot by Jonathan Toews.
3:30 of 3rd period - Shot Blocked by Adam Pardy.
3:32 of 3rd period - Snap shot by Patrick Kaleta.
3:32 of 3rd period - Shot Misses the Net.
3:38 of 3rd period - Ilya Kovalchuk is hit by Dmitri Kalinin and loses puck.
3:49 of 3rd period - Snap shot by Pavel Datsyuk.
3:49 of 3rd period - Goal by Pavel Datsyuk - Oilers : 6 - Jets : 3.
3:50 of 3rd period - Derek Roy wins face-off versus Pavel Datsyuk in neutral zone.
3:53 of 3rd period - Ian White is hit by Dustin Brown and loses puck.
4:13 of 3rd period - Icing by Ian White.
4:14 of 3rd period - Mikko Koivu wins face-off versus Pavel Datsyuk in Oilers zone.
5:21 of 3rd period - Tomas Fleischmann is hit by Dmitri Kalinin and loses puck.
5:36 of 3rd period - Snap shot by Patrick Kane.
5:36 of 3rd period - Goal by Patrick Kane - Oilers : 7 - Jets : 3.
5:37 of 3rd period - Derek Roy wins face-off versus Jonathan Toews in neutral zone.
5:48 of 3rd period - Snap shot by Derek Roy.
5:48 of 3rd period - Shot Blocked by Christian Ehrhoff.
5:50 of 3rd period - Snap shot by Benoit Pouliot.
5:50 of 3rd period - Shot Misses the Net.
6:23 of 3rd period - Duncan Keith is hit by Chris Phillips and loses puck.
6:28 of 3rd period - Snap shot by Darroll Powe.
6:28 of 3rd period - Stopped by Cam Ward with a rebound.
6:30 of 3rd period - Slapshot by Adam Pardy.
6:30 of 3rd period - Shot Blocked by Duncan Keith.
6:43 of 3rd period - Minor Penalty to Duncan Keith for Tripping.
6:44 of 3rd period - Mikko Koivu wins face-off versus Peter Regin in Oilers zone.
6:44 of 3rd period - Wrist shot by Benoit Pouliot.
6:44 of 3rd period - Shot Misses the Net.
7:11 of 3rd period - Mikko Koivu is hit by Pavel Datsyuk and loses puck.
7:28 of 3rd period - Snap shot by Mikko Koivu.
7:28 of 3rd period - Shot Misses the Net.
7:30 of 3rd period - Wrist shot by Dustin Brown.
7:30 of 3rd period - Shot Misses the Net.
7:38 of 3rd period - Snap shot by Benoit Pouliot.
7:38 of 3rd period - Deflect By Dustin Brown.
7:38 of 3rd period - Shot Misses the Net.
7:38 of 3rd period - Puck is out of play.
7:39 of 3rd period - Derek Roy wins face-off versus Pavel Datsyuk in Oilers zone.
7:40 of 3rd period - Wrist shot by Jussi Jokinen.
7:40 of 3rd period - Shot Blocked by Scott Niedermayer.
7:42 of 3rd period - Wrist shot by Adam Pardy.
7:42 of 3rd period - Stopped by Cam Ward without a rebound.
7:43 of 3rd period - Derek Roy wins face-off versus Pavel Datsyuk in Oilers zone.
8:23 of 3rd period - Slapshot by Jussi Jokinen.
8:23 of 3rd period - Stopped by Cam Ward without a rebound.
8:24 of 3rd period - Mikko Koivu wins face-off versus Peter Regin in Oilers zone.
8:27 of 3rd period - Wrist shot by Dustin Brown.
8:27 of 3rd period - Shot Misses the Net.
8:29 of 3rd period - Slapshot by Dustin Brown.
8:29 of 3rd period - Goal by Dustin Brown - Oilers : 7 - Jets : 4.
8:30 of 3rd period - Derek Roy wins face-off versus Jonathan Toews in neutral zone.
8:39 of 3rd period - Snap shot by Ian White.
8:39 of 3rd period - Shot Blocked by Dustin Brown.
8:41 of 3rd period - Snap shot by Patrick Kaleta.
8:41 of 3rd period - Shot Blocked by Adam Pardy.
8:55 of 3rd period - Christian Ehrhoff is hit by Jussi Jokinen and loses puck.
9:22 of 3rd period - Snap shot by Olli Jokinen.
9:22 of 3rd period - Deflect By Eric Nystrom.
9:22 of 3rd period - Shot Misses the Net.
9:22 of 3rd period - Puck is out of play.
9:23 of 3rd period - Derek Roy wins face-off versus Olli Jokinen in Jets zone.
9:23 of 3rd period - Derek Roy is hit by Duncan Keith.
9:37 of 3rd period - Snap shot by Derek Roy.
9:37 of 3rd period - Shot Misses the Net.
9:45 of 3rd period - Snap shot by Adam Burish.
9:45 of 3rd period - Shot Misses the Net.
10:14 of 3rd period - Snap shot by Ilya Kovalchuk.
10:14 of 3rd period - Stopped by Maxime Daigneault without a rebound.
10:15 of 3rd period - Derek Roy wins face-off versus Pavel Datsyuk in Jets zone.
10:25 of 3rd period - Snap shot by Pavel Datsyuk.
10:25 of 3rd period - Stopped by Maxime Daigneault without a rebound.
10:26 of 3rd period - Derek Roy wins face-off versus Jonathan Toews in Jets zone.
10:26 of 3rd period - Derek Roy is hit by Patrick Kaleta.
11:30 of 3rd period - Slapshot by Niklas Hjalmarsson.
11:30 of 3rd period - Stopped by Cam Ward without a rebound.
11:31 of 3rd period - Jonathan Toews wins face-off versus Derek Roy in Oilers zone.
12:11 of 3rd period - Olli Jokinen is hit by Jussi Jokinen and loses puck.
12:28 of 3rd period - Snap shot by Greg Campbell.
12:28 of 3rd period - Stopped by Cam Ward without a rebound.
12:29 of 3rd period - Peter Regin wins face-off versus Derek Roy in Oilers zone.
12:54 of 3rd period - Duncan Keith is hit by Mikko Koivu and loses puck.
13:17 of 3rd period - Patrick Kane is hit by Greg Campbell and loses puck.
13:24 of 3rd period - Steve Staios is hit by Greg Campbell and loses puck.
13:37 of 3rd period - Adam Burish is hit by Derek Roy and loses puck.
14:02 of 3rd period - Tom Preissing is hit by Lubos Bartecko.
14:49 of 3rd period - Slapshot by Adam Burish.
14:49 of 3rd period - Deflect By Niklas Hjalmarsson.
14:49 of 3rd period - Shot Misses the Net.
14:49 of 3rd period - Puck is out of play.
14:50 of 3rd period - Derek Roy wins face-off versus Pavel Datsyuk in Jets zone.
15:04 of 3rd period - Pavel Datsyuk is hit by Dustin Brown and loses puck.
16:03 of 3rd period - Niklas Hjalmarsson is hit by Steve Begin and loses puck.
16:20 of 3rd period - Wrist shot by Derek Roy.
16:20 of 3rd period - Goal by Derek Roy - Oilers : 7 - Jets : 5.
16:21 of 3rd period - Pavel Datsyuk wins face-off versus Fredrik Sjostrom in neutral zone.
16:51 of 3rd period - Slapshot by Patrick Kaleta.
16:51 of 3rd period - Stopped by Maxime Daigneault with a rebound.
17:01 of 3rd period - Ian White is hit by Benoit Pouliot and loses puck.
17:24 of 3rd period - Niklas Hjalmarsson is hit by Christian Ehrhoff and loses puck.
17:35 of 3rd period - Ryan Callahan is hit by Rob Scuderi and loses puck.
17:41 of 3rd period - Icing by Jussi Jokinen.
17:42 of 3rd period - Pavel Datsyuk wins face-off versus Jussi Jokinen in Jets zone.
17:53 of 3rd period - Snap shot by Pavel Datsyuk.
17:53 of 3rd period - Shot Misses the Net.
17:55 of 3rd period - Snap shot by Pavel Datsyuk.
17:55 of 3rd period - Goal by Pavel Datsyuk - Oilers : 8 - Jets : 5.
17:56 of 3rd period - Pavel Datsyuk wins face-off versus Derek Roy in neutral zone.
18:09 of 3rd period - Snap shot by Patrick Kane.
18:09 of 3rd period - Goal by Patrick Kane - Oilers : 9 - Jets : 5.
18:10 of 3rd period - Derek Roy wins face-off versus Jonathan Toews in neutral zone.
18:13 of 3rd period - Slapshot by Chris Phillips.
18:13 of 3rd period - Shot Misses the Net.
18:15 of 3rd period - Wrist shot by Benoit Pouliot.
18:15 of 3rd period - Shot Blocked by Ilya Kovalchuk.
18:17 of 3rd period - Wrist shot by Derek Roy.
18:17 of 3rd period - Stopped by Cam Ward without a rebound.
18:18 of 3rd period - Derek Roy wins face-off versus Jonathan Toews in Oilers zone.
19:27 of 3rd period - Slapshot by Pavel Datsyuk.
19:27 of 3rd period - Shot Misses the Net.
19:29 of 3rd period - Snap shot by Pavel Datsyuk.
19:29 of 3rd period - Shot Misses the Net.
19:31 of 3rd period - Snap shot by Patrick Kane.
19:31 of 3rd period - Deflect By Darroll Powe.
19:31 of 3rd period - Shot Misses the Net.
19:31 of 3rd period - Puck is out of play.
19:32 of 3rd period - Derek Roy wins face-off versus Jonathan Toews in Jets zone.
19:32 of 3rd period - Derek Roy is hit by Patrick Kaleta.
19:42 of 3rd period - Snap shot by Ilya Kovalchuk.
19:42 of 3rd period - Shot Misses the Net.
19:55 of 3rd period - Icing by Dustin Brown.
19:56 of 3rd period - Olli Jokinen wins face-off versus Mikko Koivu in Jets zone.
19:59 of 3rd period - Slapshot by Eric Nystrom.
19:59 of 3rd period - Stopped by Maxime Daigneault without a rebound.
Goals for this period are 4 for Oilers vs 2 for Jets.
Shots for this period are 12 for Oilers vs 8 for Jets.
Output by the SimonT Hockey Simulator (STHS) for François Prévost -- Original Page W3C XHTML 1.0 Valid